Nordiques vs Flyers
(R1)
Created - April 2, 2018 at 19:44
Goals
|
| Nordiques |
0 |
1 |
1 |
0 |
1 |
2 |
| Flyers |
0 |
0 |
2 |
0 |
2 |
3 |
|
Shots
|
| Nordiques |
11 |
16 |
7 |
0 |
3 |
34 |
| Flyers |
7 |
7 |
13 |
3 |
3 |
30 |
|
1st period
No Goal
Penalties :
Kyle Wellwood (Phi) for Tripping (Minor) at 8:42, Paul Gaustad (Que) for Hooking (Minor) at 13:20, Jakub Voracek (Phi) for Unsportsmanlike conduct (Minor) at 19:18
2nd period
1. Nordiques , Vladimir Tarasenko 29 (Matt Gilroy 2) at 4:53
Penalties :
Drew Miller (Phi) for Elbowing (Minor) at 5:34, Rich Peverley (Que) for Interference (Minor) at 8:02, Matt Smaby (Phi) for Hooking (Minor) at 12:19, Daniel Briere (Que) for Hooking (Minor) at 12:35
3rd period
2. Flyers , Oliver Ekman-Larsson 3 (Mats Zuccarello 17, Marcus Kruger 7) at 3:06
3. Flyers , Dany Heatley 19 (Jeff Carter 55, Randy Jones 9) at 6:58
4. Nordiques , Daniel Briere 35 (Marek Svatos 42, Fedor Tyutin 17) at 12:10
Penalties :
Marek Svatos (Que) for Roughing (Minor) at 3:09, Jeff Woywitka (Phi) for Tripping (Minor) at 7:40, Dany Heatley (Phi) for Roughing (Minor) at 15:30, R.J. Umberger (Que) for Hooking (Minor) at 15:36
Overtime #1
No Goal
Penalties :
Daniel Briere (Que) for Holding (Minor) at 0:22
Shootout
Penalty Shot by Marek Svatos for Nordiques - Stopped by Cory Schneider
Penalty Shot by Jeff Carter for Flyers - Goal!
Penalty Shot by Tim Connolly for Nordiques - Goal!
Penalty Shot by Dany Heatley for Flyers - Stopped by Jonathan Quick
Penalty Shot by Vladimir Tarasenko for Nordiques - Shot Misses the Net
Penalty Shot by Drew Miller for Flyers - Goal!
Penalties :
No Penalty
Goalie Stats
Jonathan Quick (Que), 28 saves from 30 shots - (0.933), OTL, 30-19-8, 65:00 minutes
Cory Schneider (Phi), 32 saves from 34 shots - (0.941), W, 16-13-6, 65:00 minutes
Players Stats for Nordiques
Player Name G A P +/- PIM S H SB GA TA FO MP PP MP PK MP
------------------------------------------------------------------------------------
Daniel Briere 1 0 1 1 4 2 1 1 0 1 15/29 21:20 4:39 1:21
Dustin Byfuglien 0 0 0 -1 0 1 2 0 1 2 0/0 23:08 4:04 3:24
Fedor Tyutin 0 1 1 0 0 1 2 3 0 0 0/0 29:24 4:14 4:36
Jean-Pierre Dumont 0 0 0 0 0 1 1 0 0 0 0/0 9:44 0:05 0:00
Kyle Calder 0 0 0 0 0 1 2 0 0 0 0/1 18:09 3:33 1:47
Marek Svatos 0 1 1 1 2 4 0 0 1 2 2/7 22:51 4:40 3:42
Mark Eaton 0 0 0 -1 0 0 0 0 0 0 0/0 23:08 4:04 3:24
Matt Gilroy 0 1 1 1 0 1 1 0 0 1 0/0 12:10 0:00 0:00
Matt Moulson 0 0 0 0 0 2 1 0 1 0 0/0 9:39 0:05 0:07
Michael Ryder 0 0 0 -1 0 1 0 0 1 0 0/1 7:20 0:00 0:00
Nikolai Kulemin 0 0 0 -1 0 1 0 0 0 0 0/0 7:20 0:00 0:00
Paul Gaustad 0 0 0 0 2 2 1 0 0 0 4/6 12:20 0:05 1:46
R.J. Umberger 0 0 0 1 2 0 2 2 0 0 0/1 20:08 4:39 1:01
Rich Peverley 0 0 0 -1 2 2 1 0 0 0 2/2 7:28 0:00 0:06
Ryan Ellis 0 0 0 0 0 3 1 3 2 0 0/0 29:32 4:14 4:44
T.J. Fast 0 0 0 1 0 3 0 0 0 0 0/0 12:38 0:00 0:28
Tim Connolly 0 0 0 0 0 3 2 0 1 0 3/8 22:53 3:33 3:43
Vladimir Tarasenko 1 0 1 0 0 6 1 0 1 0 1/2 18:48 3:33 1:04
Players Stats for Flyers
Player Name G A P +/- PIM S H SB GA TA FO MP PP MP PK MP
------------------------------------------------------------------------------------
Brian McGrattan 0 0 0 0 0 1 1 0 0 0 1/2 13:23 0:26 0:00
Chris Mcallister 0 0 0 0 0 1 1 0 1 0 0/0 12:20 0:10 0:00
Dany Heatley 1 0 1 0 2 4 1 0 1 1 4/8 23:57 3:05 4:47
Drew Miller 0 0 0 0 2 3 4 0 0 1 2/3 17:38 3:04 1:47
J.T. Miller 0 0 0 0 0 0 0 0 0 0 0/0 9:03 0:00 0:49
Jakub Voracek 0 0 0 0 2 3 2 0 0 0 0/0 12:54 3:04 0:00
Jaromir Jagr 0 0 0 0 0 2 2 1 0 0 1/1 21:03 3:02 2:36
Jeff Carter 0 1 1 0 0 2 0 0 3 0 16/31 25:03 2:55 4:53
Jeff Woywitka 0 0 0 0 2 0 2 1 1 0 0/0 29:52 3:58 3:44
Jonathan Ericsson 0 0 0 0 0 3 0 2 0 3 0/0 31:05 3:58 4:26
Kyle Wellwood 0 0 0 0 2 0 0 1 0 0 5/7 12:56 3:04 0:00
Marcus Kruger 0 1 1 0 0 1 0 0 0 1 0/1 8:23 0:00 0:17
Mats Zuccarello 0 1 1 0 0 1 0 0 0 0 0/0 7:58 0:07 0:00
Matt Smaby 0 0 0 1 2 3 1 0 0 0 0/0 9:50 0:00 0:00
Matthew Lombardi 0 0 0 0 0 0 1 0 0 0 1/4 12:51 0:00 1:27
Oliver Ekman-Larsson 1 0 1 -1 0 4 1 2 0 0 0/0 24:04 2:21 3:52
Randy Jones 0 1 1 1 0 1 0 0 0 0 0/0 11:36 0:00 0:42
Tom Poti 0 0 0 -1 0 1 2 0 0 2 0/0 24:04 2:21 3:52
3 Stars
1 - Cory Schneider (Phi)
2 - Oliver Ekman-Larsson (Phi)
3 - Vladimir Tarasenko (Que)
Power Play
Nordiques - 0 on 6 Attempt(s) - 0.00%
Flyers - 0 on 6 Attempt(s) - 0.00%
Penalty Kill
Nordiques - 6 on 6 Attempt(s) - 100.00%
- Score 0 goal in Penalty Kill
Flyers - 6 on 6 Attempt(s) - 100.00%
- Score 0 goal in Penalty Kill
Team Stat
Nordiques - Hits : 18 - Faceoff Wins : 27 - Blocked Shots : 9 - Penalty Minutes : 12
Flyers - Hits : 18 - Faceoff Wins : 30 - Blocked Shots : 7 - Penalty Minutes : 12
Official
Referees : Rehman Kyle and Peel Tim
Linesman : Derek Amell and Brad Lazarowich
Game Notes
No Game Note
Finance
Level 1 -- Attendance: 5278 (87.97%) -- Ticket Income $475,020
Level 2 -- Attendance: 4622 (92.44%) -- Ticket Income $254,210
Level 3 -- Attendance: 1845 (92.25%) -- Ticket Income $64,575
Level 4 -- Attendance: 3877 (96.93%) -- Ticket Income $96,925
Luxury Box -- Attendance: 813 (81.30%) -- Ticket Income $134,145
Game was played at the Wells Fargo Center.
Total Attendance: 16435 (91.31%)
Total Ticket Income: $1,024,875
Other Income: $153,731
Total Income: $1,178,606
Nordiques
5 vs 5 Forward
Center Left Wing Right Wing Time % Phy DF OF
1 Daniel Briere R.J. Umberger Marek Svatos 40 1 1 3
2 Tim Connolly Kyle Calder Vladimir Tarasenko 30 1 1 3
3 Paul Gaustad Matt Moulson Jean-Pierre Dumont 20 1 1 3
4 Rich Peverley Nikolai Kulemin Michael Ryder 10 1 1 3
5 vs 5 Defense
Defense Defense Time % Phy DF OF
1 Fedor Tyutin Ryan Ellis 40 1 3 1
2 Dustin Byfuglien Mark Eaton 30 1 3 1
3 T.J. Fast Matt Gilroy 20 1 3 1
4 Fedor Tyutin Ryan Ellis 10 1 3 1
PowerPlay Forward
Center Left Wing Right Wing Time % Phy DF OF
1 Daniel Briere R.J. Umberger Marek Svatos 60 0 0 5
2 Tim Connolly Kyle Calder Vladimir Tarasenko 40 0 0 5
PowerPlay Defense
Defense Defense Time % Phy DF OF
1 Fedor Tyutin Ryan Ellis 60 0 2 3
2 Dustin Byfuglien Mark Eaton 40 0 2 3
Penalty Kill 4 Players Forward
Center Wing Time % Phy DF OF
1 Marek Svatos Tim Connolly 60 1 4 0
2 Vladimir Tarasenko R.J. Umberger 40 1 4 0
Penalty Kill 4 Players Defense
Defense Defense Time % Phy DF OF
1 Fedor Tyutin Ryan Ellis 60 2 3 0
2 Dustin Byfuglien Mark Eaton 40 2 3 0
Penalty Kill - 3 Players Forward
Forward Time % Phy DF OF
1 Marek Svatos 60 0 5 0
2 Tim Connolly 40 0 5 0
Penalty Kill - 3 Players Defense
Defense Defense Time % Phy DF OF
1 Fedor Tyutin Ryan Ellis 60 1 4 0
2 Dustin Byfuglien Mark Eaton 40 1 4 0
4 vs 4 Forward
Center Wing Time % Phy DF OF
1 Daniel Briere Tim Connolly 60 1 1 3
2 Vladimir Tarasenko R.J. Umberger 40 1 1 3
4 vs 4 Defense
Defense Defense Time % Phy DF OF
1 Fedor Tyutin Ryan Ellis 60 1 3 1
2 Dustin Byfuglien Mark Eaton 40 1 3 1
Last Minutes Offensive
Center Left Wing Right Wing Defense Defense
Daniel Briere R.J. Umberger Marek Svatos Fedor Tyutin Ryan Ellis
Last Minutes Defensive
Center Left Wing Right Wing Defense Defense
Tim Connolly R.J. Umberger Marek Svatos Fedor Tyutin Ryan Ellis
Goaltenders
Starting : Jonathan Quick
Backup : Julien Ellis
Extra Forwards
Normal : Vladimir Tarasenko, R.J. Umberger, Marek Svatos - PP : Vladimir Tarasenko, R.J. Umberger - PK : Paul Gaustad
Extra Defensemen
Normal : Ryan Ellis, Fedor Tyutin, Dustin Byfuglien - PP : Ryan Ellis - PK : Mark Eaton, T.J. Fast
Penalty Shots
Marek Svatos, Tim Connolly, Vladimir Tarasenko, R.J. Umberger, Daniel Briere
Scratches
Bruno Gervais (Broken Left Foot Toe Injury)
Flyers
5 vs 5 Forward
Center Left Wing Right Wing Time % Phy DF OF
1 Jeff Carter Dany Heatley Jaromir Jagr 40 1 2 2
2 Kyle Wellwood Drew Miller Jakub Voracek 30 1 2 2
3 Matthew Lombardi Chris Mcallister Brian McGrattan 20 1 2 2
4 Marcus Kruger J.T. Miller Mats Zuccarello 10 1 2 2
5 vs 5 Defense
Defense Defense Time % Phy DF OF
1 Jeff Woywitka Jonathan Ericsson 40 1 2 2
2 Oliver Ekman-Larsson Tom Poti 30 1 2 2
3 Matt Smaby Randy Jones 20 1 2 2
4 Jeff Woywitka Jonathan Ericsson 10 1 2 2
PowerPlay Forward
Center Left Wing Right Wing Time % Phy DF OF
1 Jeff Carter Dany Heatley Jaromir Jagr 60 1 2 2
2 Kyle Wellwood Drew Miller Jakub Voracek 40 1 2 2
PowerPlay Defense
Defense Defense Time % Phy DF OF
1 Jeff Woywitka Jonathan Ericsson 60 1 2 2
2 Oliver Ekman-Larsson Tom Poti 40 1 2 2
Penalty Kill 4 Players Forward
Center Wing Time % Phy DF OF
1 Jeff Carter Dany Heatley 60 1 2 2
2 Drew Miller Jaromir Jagr 40 1 2 2
Penalty Kill 4 Players Defense
Defense Defense Time % Phy DF OF
1 Jeff Woywitka Jonathan Ericsson 60 1 2 2
2 Oliver Ekman-Larsson Tom Poti 40 1 2 2
Penalty Kill - 3 Players Forward
Forward Time % Phy DF OF
1 Jeff Carter 60 1 2 2
2 Dany Heatley 40 1 2 2
Penalty Kill - 3 Players Defense
Defense Defense Time % Phy DF OF
1 Jeff Woywitka Jonathan Ericsson 60 1 2 2
2 Oliver Ekman-Larsson Tom Poti 40 1 2 2
4 vs 4 Forward
Center Wing Time % Phy DF OF
1 Jeff Carter Dany Heatley 60 1 2 2
2 Drew Miller Jaromir Jagr 40 1 2 2
4 vs 4 Defense
Defense Defense Time % Phy DF OF
1 Jeff Woywitka Jonathan Ericsson 60 1 2 2
2 Oliver Ekman-Larsson Tom Poti 40 1 2 2
Last Minutes Offensive
Center Left Wing Right Wing Defense Defense
Jeff Carter Dany Heatley Jaromir Jagr Jeff Woywitka Jonathan Ericsson
Last Minutes Defensive
Center Left Wing Right Wing Defense Defense
Jeff Carter Dany Heatley Jaromir Jagr Jeff Woywitka Jonathan Ericsson
Goaltenders
Starting : Cory Schneider
Backup : Steve Mason
Extra Forwards
Normal : Brian McGrattan, Chris Mcallister, Matthew Lombardi - PP : Brian McGrattan, Chris Mcallister - PK : Matthew Lombardi
Extra Defensemen
Normal : Matt Smaby, Randy Jones, Oliver Ekman-Larsson - PP : Matt Smaby - PK : Randy Jones, Oliver Ekman-Larsson
Penalty Shots
Jeff Carter, Dany Heatley, Drew Miller, Jaromir Jagr, Kyle Wellwood
Scratches
None
% Time on Ice - Nordiques
Lines # - Real PCT - Wanted PCT - Time Play
Normal Forward
1 - 32% - 40% - 13:29
2 - 28% - 30% - 11:45
3 - 22% - 20% - 9:13
4 - 18% - 10% - 7:20
Normal Defense
1 - 38% - 40% - 15:53
2 - 31% - 30% - 13:02
3 - 29% - 20% - 12:10
4 - 2% - 10% - 0:42
PP Forward
1 - 57% - 60% - 4:45
2 - 43% - 40% - 3:33
PP Defense
1 - 51% - 60% - 4:14
2 - 49% - 40% - 4:04
PK Forward
1 - 83% - 60% - 5:15
2 - 17% - 40% - 1:04
PK Defense
1 - 59% - 60% - 3:42
2 - 41% - 40% - 2:37
PK3 Forward
1 - 72% - 60% - 1:26
2 - 28% - 40% - 0:33
PK3 Defense
1 - 61% - 60% - 1:12
2 - 39% - 40% - 0:47
44 Forward
1 - 87% - 60% - 5:44
2 - 13% - 40% - 0:53
44 Defense
1 - 60% - 60% - 3:59
2 - 40% - 40% - 2:38
Last Minute Offensive - 0:00
Last Minute Defensive - 0:00
Total
Forward - 65:00
Defense - 65:00
|
% Time on Ice - Flyers
Lines # - Real PCT - Wanted PCT - Time Play
Normal Forward
1 - 30% - 40% - 12:42
2 - 25% - 30% - 10:39
3 - 25% - 20% - 10:35
4 - 19% - 10% - 7:51
Normal Defense
1 - 41% - 40% - 17:08
2 - 35% - 30% - 14:25
3 - 23% - 20% - 9:34
4 - 2% - 10% - 0:40
PP Forward
1 - 51% - 60% - 3:15
2 - 49% - 40% - 3:04
PP Defense
1 - 63% - 60% - 3:58
2 - 37% - 40% - 2:21
PK Forward
1 - 69% - 60% - 5:42
2 - 31% - 40% - 2:36
PK Defense
1 - 53% - 60% - 4:26
2 - 47% - 40% - 3:52
PK3 Forward
1 - 0% - 60%
2 - 0% - 40%
PK3 Defense
1 - 0% - 60%
2 - 0% - 40%
44 Forward
1 - 75% - 60% - 6:27
2 - 25% - 40% - 2:09
44 Defense
1 - 60% - 60% - 5:10
2 - 40% - 40% - 3:26
Last Minute Offensive - 0:00
Last Minute Defensive - 0:00
Total
Forward - 65:00
Defense - 65:00
|
Play by Play
1st period
0:01 of 1st period - Jeff Carter wins face-off versus R.J. Umberger in neutral zone.
1:54 of 1st period - Matt Smaby is hit by Tim Connolly and loses puck.
2:14 of 1st period - Icing by Dustin Byfuglien.
2:15 of 1st period - Tim Connolly wins face-off versus Matthew Lombardi in Nordiques zone.
2:20 of 1st period - Jeff Woywitka is hit by Daniel Briere and loses puck.
2:54 of 1st period - Off-side.
2:55 of 1st period - Kyle Wellwood wins face-off versus Tim Connolly in neutral zone.
3:20 of 1st period - R.J. Umberger is hit by Dany Heatley and loses puck.
3:41 of 1st period - Jeff Woywitka is hit by Matt Moulson.
3:51 of 1st period - Wrist shot by Matt Moulson.
3:51 of 1st period - Stopped by Cory Schneider with a rebound.
5:34 of 1st period - Slapshot by Michael Ryder.
5:34 of 1st period - Stopped by Cory Schneider with a rebound.
5:53 of 1st period - Ryan Ellis is hit by Drew Miller and loses puck.
6:52 of 1st period - Chris Mcallister is hit by Rich Peverley and loses puck.
7:05 of 1st period - Tom Poti is hit by R.J. Umberger and loses puck.
7:12 of 1st period - Wrist shot by Marek Svatos.
7:12 of 1st period - Stopped by Cory Schneider without a rebound.
7:13 of 1st period - Jeff Carter wins face-off versus Tim Connolly in Flyers zone.
7:30 of 1st period - Slapshot by Dany Heatley.
7:30 of 1st period - Shot Blocked by Fedor Tyutin.
7:46 of 1st period - Wrist shot by Marcus Kruger.
7:46 of 1st period - Shot Hit the Post.
7:48 of 1st period - Slapshot by Marcus Kruger.
7:48 of 1st period - Stopped by Jonathan Quick with a rebound.
7:50 of 1st period - Slapshot by Randy Jones.
7:50 of 1st period - Shot Blocked by Fedor Tyutin.
7:52 of 1st period - Snap shot by Marcus Kruger.
7:52 of 1st period - Shot Misses the Net.
7:54 of 1st period - Slapshot by Matt Smaby.
7:54 of 1st period - Stopped by Jonathan Quick without a rebound.
7:55 of 1st period - Jeff Carter wins face-off versus Daniel Briere in Nordiques zone.
8:42 of 1st period - Minor Penalty to Kyle Wellwood for Tripping.
8:43 of 1st period - Daniel Briere wins face-off versus Jeff Carter in Flyers zone.
8:46 of 1st period - Slapshot by Marek Svatos.
8:46 of 1st period - Stopped by Cory Schneider without a rebound.
8:47 of 1st period - Jeff Carter wins face-off versus Daniel Briere in Flyers zone.
8:47 of 1st period - Jeff Carter is hit by Fedor Tyutin.
9:17 of 1st period - Wrist shot by Vladimir Tarasenko.
9:17 of 1st period - Stopped by Cory Schneider with a rebound.
9:25 of 1st period - Wrist shot by Tim Connolly.
9:25 of 1st period - Shot Misses the Net.
9:49 of 1st period - Snap shot by Jaromir Jagr.
9:49 of 1st period - Stopped by Jonathan Quick without a rebound.
9:50 of 1st period - Drew Miller wins face-off versus Daniel Briere in Nordiques zone.
9:53 of 1st period - Snap shot by Jaromir Jagr.
9:53 of 1st period - Stopped by Jonathan Quick with a rebound.
10:42 of 1st period - Penalty to Kyle Wellwood is over, Kyle Wellwood is back on ice.
11:25 of 1st period - Fedor Tyutin is hit by Tom Poti and loses puck.
13:20 of 1st period - Minor Penalty to Paul Gaustad for Hooking.
13:21 of 1st period - Jeff Carter wins face-off versus Marek Svatos in Nordiques zone.
15:20 of 1st period - Penalty to Paul Gaustad is over, Paul Gaustad is back on ice.
15:48 of 1st period - Matthew Lombardi is hit by Dustin Byfuglien.
16:13 of 1st period - Off-side.
16:14 of 1st period - Daniel Briere wins face-off versus Marcus Kruger in neutral zone.
16:37 of 1st period - Jaromir Jagr is hit by Vladimir Tarasenko.
17:00 of 1st period - Snap shot by Drew Miller.
17:00 of 1st period - Stopped by Jonathan Quick with a rebound.
17:02 of 1st period - Slapshot by Matt Smaby.
17:02 of 1st period - Stopped by Jonathan Quick without a rebound.
17:03 of 1st period - Paul Gaustad wins face-off versus Kyle Wellwood in Nordiques zone.
17:13 of 1st period - Snap shot by Paul Gaustad.
17:13 of 1st period - Stopped by Cory Schneider without a rebound.
17:14 of 1st period - Daniel Briere wins face-off versus Jeff Carter in Flyers zone.
17:23 of 1st period - R.J. Umberger is hit by Jaromir Jagr and loses puck.
17:40 of 1st period - Tim Connolly is hit by Drew Miller and loses puck.
18:03 of 1st period - Wrist shot by Brian McGrattan.
18:03 of 1st period - Stopped by Jonathan Quick without a rebound.
18:04 of 1st period - Rich Peverley wins face-off versus Matthew Lombardi in Nordiques zone.
18:11 of 1st period - Snap shot by Rich Peverley.
18:11 of 1st period - Stopped by Cory Schneider without a rebound.
18:12 of 1st period - Daniel Briere wins face-off versus Jeff Carter in Flyers zone.
18:23 of 1st period - Snap shot by Jeff Carter.
18:23 of 1st period - Shot Blocked by Daniel Briere.
18:39 of 1st period - Ryan Ellis is hit by Brian McGrattan and loses puck.
19:06 of 1st period - Snap shot by Vladimir Tarasenko.
19:06 of 1st period - Stopped by Cory Schneider with a rebound.
19:08 of 1st period - Snap shot by Kyle Calder.
19:08 of 1st period - Stopped by Cory Schneider with a rebound.
19:10 of 1st period - Wrist shot by Tim Connolly.
19:10 of 1st period - Deflect By Tom Poti.
19:10 of 1st period - Stopped by Cory Schneider with a rebound.
19:12 of 1st period - Snap shot by Kyle Calder.
19:12 of 1st period - Shot Misses the Net.
19:18 of 1st period - Minor Penalty to Jakub Voracek for Unsportsmanlike conduct.
19:19 of 1st period - Jeff Carter wins face-off versus Tim Connolly in Flyers zone.
19:32 of 1st period - Wrist shot by Vladimir Tarasenko.
19:32 of 1st period - Stopped by Cory Schneider with a rebound.
19:34 of 1st period - Slapshot by Kyle Calder.
19:34 of 1st period - Shot Blocked by Jeff Woywitka.
Goals for this period are 0 for Nordiques vs 0 for Flyers.
Shots for this period are 11 for Nordiques vs 7 for Flyers.
2nd period
0:01 of 2nd period - Marek Svatos wins face-off versus Jeff Carter in neutral zone.
0:16 of 2nd period - Wrist shot by Daniel Briere.
0:16 of 2nd period - Shot Misses the Net.
0:26 of 2nd period - Jeff Woywitka is hit by Fedor Tyutin.
0:32 of 2nd period - Ryan Ellis is hit by Tom Poti and loses puck.
1:18 of 2nd period - Penalty to Jakub Voracek is over, Jakub Voracek is back on ice.
1:31 of 2nd period - Wrist shot by Matt Moulson.
1:31 of 2nd period - Stopped by Cory Schneider with a rebound.
1:35 of 2nd period - Wrist shot by Paul Gaustad.
1:35 of 2nd period - Stopped by Cory Schneider with a rebound.
1:53 of 2nd period - Backhand shot by Matt Gilroy.
1:53 of 2nd period - Deflect By Nikolai Kulemin.
1:53 of 2nd period - Stopped by Cory Schneider with a rebound.
2:15 of 2nd period - Wrist shot by Daniel Briere.
2:15 of 2nd period - Shot Blocked by Jonathan Ericsson.
2:25 of 2nd period - Wrist shot by Jean-Pierre Dumont.
2:25 of 2nd period - Shot Misses the Net.
2:27 of 2nd period - Slapshot by Ryan Ellis.
2:27 of 2nd period - Stopped by Cory Schneider with a rebound.
2:41 of 2nd period - Jonathan Ericsson is hit by Tim Connolly and loses puck.
3:29 of 2nd period - Slapshot by Oliver Ekman-Larsson.
3:29 of 2nd period - Deflect By T.J. Fast.
3:29 of 2nd period - Stopped by Jonathan Quick with a rebound.
3:52 of 2nd period - Kyle Calder is hit by Jakub Voracek and loses puck.
4:05 of 2nd period - Wrist shot by Matthew Lombardi.
4:05 of 2nd period - Shot Misses the Net.
4:29 of 2nd period - Snap shot by Vladimir Tarasenko.
4:29 of 2nd period - Stopped by Cory Schneider with a rebound.
4:31 of 2nd period - Backhand shot by T.J. Fast.
4:31 of 2nd period - Shot Blocked by Oliver Ekman-Larsson.
4:37 of 2nd period - Slapshot by Vladimir Tarasenko.
4:37 of 2nd period - Stopped by Cory Schneider with a rebound.
4:39 of 2nd period - Wrist shot by Tim Connolly.
4:39 of 2nd period - Stopped by Cory Schneider with a rebound.
4:41 of 2nd period - Slapshot by T.J. Fast.
4:41 of 2nd period - Stopped by Cory Schneider with a rebound.
4:53 of 2nd period - Wrist shot by Vladimir Tarasenko.
4:53 of 2nd period - Goal by Vladimir Tarasenko - Nordiques : 1 - Flyers : 0.
4:54 of 2nd period - Daniel Briere wins face-off versus Dany Heatley in neutral zone.
4:59 of 2nd period - Wrist shot by Daniel Briere.
4:59 of 2nd period - Stopped by Cory Schneider with a rebound.
5:01 of 2nd period - Slapshot by Daniel Briere.
5:01 of 2nd period - Deflect By Marek Svatos.
5:01 of 2nd period - Shot Misses the Net.
5:01 of 2nd period - Puck is out of play.
5:02 of 2nd period - Daniel Briere wins face-off versus Jeff Carter in Flyers zone.
5:03 of 2nd period - Snap shot by Marek Svatos.
5:03 of 2nd period - Shot Misses the Net.
5:09 of 2nd period - Snap shot by Daniel Briere.
5:09 of 2nd period - Shot Misses the Net.
5:11 of 2nd period - Slapshot by Ryan Ellis.
5:11 of 2nd period - Shot Misses the Net.
5:13 of 2nd period - Snap shot by Marek Svatos.
5:13 of 2nd period - Stopped by Cory Schneider with a rebound.
5:15 of 2nd period - Slapshot by Fedor Tyutin.
5:15 of 2nd period - Stopped by Cory Schneider with a rebound.
5:17 of 2nd period - Slapshot by Ryan Ellis.
5:17 of 2nd period - Stopped by Cory Schneider without a rebound.
5:18 of 2nd period - Kyle Wellwood wins face-off versus Daniel Briere in Flyers zone.
5:23 of 2nd period - Snap shot by Jonathan Ericsson.
5:23 of 2nd period - Stopped by Jonathan Quick with a rebound.
5:34 of 2nd period - Minor Penalty to Drew Miller for Elbowing.
5:35 of 2nd period - Daniel Briere wins face-off versus Jeff Carter in Flyers zone.
5:51 of 2nd period - Snap shot by Daniel Briere.
5:51 of 2nd period - Shot Blocked by Jonathan Ericsson.
6:35 of 2nd period - Marek Svatos is hit by Oliver Ekman-Larsson and loses puck.
6:48 of 2nd period - Mark Eaton is hit by Jaromir Jagr and loses puck.
7:14 of 2nd period - Fedor Tyutin is hit by Jeff Woywitka and loses puck.
7:34 of 2nd period - Penalty to Drew Miller is over, Drew Miller is back on ice.
7:35 of 2nd period - Tom Poti is hit by Jean-Pierre Dumont and loses puck.
7:42 of 2nd period - Snap shot by Jean-Pierre Dumont.
7:42 of 2nd period - Shot Blocked by Jaromir Jagr.
7:44 of 2nd period - Snap shot by T.J. Fast.
7:44 of 2nd period - Shot Misses the Net.
8:00 of 2nd period - Snap shot by Jakub Voracek.
8:00 of 2nd period - Shot Misses the Net.
8:02 of 2nd period - Minor Penalty to Rich Peverley for Interference.
8:03 of 2nd period - Kyle Wellwood wins face-off versus Marek Svatos in Nordiques zone.
10:02 of 2nd period - Penalty to Rich Peverley is over, Rich Peverley is back on ice.
10:35 of 2nd period - Snap shot by Marcus Kruger.
10:35 of 2nd period - Shot Misses the Net.
12:19 of 2nd period - Minor Penalty to Matt Smaby for Hooking.
12:20 of 2nd period - Jeff Carter wins face-off versus Daniel Briere in Flyers zone.
12:29 of 2nd period - Slapshot by Dustin Byfuglien.
12:29 of 2nd period - Stopped by Cory Schneider with a rebound.
12:35 of 2nd period - Minor Penalty to Daniel Briere for Hooking.
12:36 of 2nd period - Vladimir Tarasenko wins face-off versus Jeff Carter in Nordiques zone.
12:49 of 2nd period - Backhand shot by Tim Connolly.
12:49 of 2nd period - Shot Misses the Net.
12:51 of 2nd period - Slapshot by Ryan Ellis.
12:51 of 2nd period - Shot Misses the Net.
14:19 of 2nd period - Penalty to Matt Smaby is over, Matt Smaby is back on ice.
14:35 of 2nd period - Penalty to Daniel Briere is over, Daniel Briere is back on ice.
15:05 of 2nd period - Snap shot by Jean-Pierre Dumont.
15:05 of 2nd period - Stopped by Cory Schneider with a rebound.
15:07 of 2nd period - Slapshot by T.J. Fast.
15:07 of 2nd period - Stopped by Cory Schneider with a rebound.
15:11 of 2nd period - Slapshot by Matt Moulson.
15:11 of 2nd period - Shot Misses the Net.
15:27 of 2nd period - Wrist shot by Jonathan Ericsson.
15:27 of 2nd period - Stopped by Jonathan Quick without a rebound.
15:28 of 2nd period - Kyle Wellwood wins face-off versus Tim Connolly in Nordiques zone.
15:37 of 2nd period - Tom Poti is hit by Dustin Byfuglien and loses puck.
16:17 of 2nd period - Tom Poti is hit by Paul Gaustad and loses puck.
17:15 of 2nd period - Ryan Ellis is hit by Drew Miller and loses puck.
17:20 of 2nd period - Wrist shot by Jakub Voracek.
17:20 of 2nd period - Shot Misses the Net.
17:22 of 2nd period - Snap shot by Jakub Voracek.
17:22 of 2nd period - Shot Blocked by R.J. Umberger.
17:24 of 2nd period - Snap shot by Jakub Voracek.
17:24 of 2nd period - Shot Blocked by Ryan Ellis.
17:26 of 2nd period - Slapshot by Randy Jones.
17:26 of 2nd period - Stopped by Jonathan Quick with a rebound.
17:28 of 2nd period - Slapshot by Matt Smaby.
17:28 of 2nd period - Stopped by Jonathan Quick without a rebound.
17:29 of 2nd period - Tim Connolly wins face-off versus Jeff Carter in Nordiques zone.
18:08 of 2nd period - Jeff Woywitka is hit by Kyle Calder and loses puck.
19:20 of 2nd period - Off-side.
19:21 of 2nd period - Jeff Carter wins face-off versus Marek Svatos in neutral zone.
19:24 of 2nd period - Snap shot by Oliver Ekman-Larsson.
19:24 of 2nd period - Shot Blocked by Fedor Tyutin.
19:26 of 2nd period - Slapshot by Tom Poti.
19:26 of 2nd period - Stopped by Jonathan Quick with a rebound.
19:28 of 2nd period - Slapshot by Oliver Ekman-Larsson.
19:28 of 2nd period - Stopped by Jonathan Quick without a rebound.
19:29 of 2nd period - Jeff Carter wins face-off versus Daniel Briere in Nordiques zone.
19:55 of 2nd period - Snap shot by Dany Heatley.
19:55 of 2nd period - Shot Misses the Net.
19:57 of 2nd period - Wrist shot by Dany Heatley.
19:57 of 2nd period - Shot Misses the Net.
Goals for this period are 1 for Nordiques vs 0 for Flyers.
Shots for this period are 16 for Nordiques vs 7 for Flyers.
3rd period
0:01 of 3rd period - Jeff Carter wins face-off versus Daniel Briere in neutral zone.
0:14 of 3rd period - Backhand shot by Jaromir Jagr.
0:14 of 3rd period - Deflect By Dany Heatley.
0:14 of 3rd period - Stopped by Jonathan Quick without a rebound.
0:15 of 3rd period - Jaromir Jagr wins face-off versus Marek Svatos in Nordiques zone.
0:22 of 3rd period - Jeff Woywitka is hit by R.J. Umberger and loses puck.
0:39 of 3rd period - Tim Connolly is hit by Jeff Woywitka and loses puck.
1:05 of 3rd period - Ryan Ellis is hit by Matthew Lombardi and loses puck.
1:41 of 3rd period - Off-side.
1:42 of 3rd period - Dany Heatley wins face-off versus Michael Ryder in neutral zone.
1:49 of 3rd period - Wrist shot by Dany Heatley.
1:49 of 3rd period - Stopped by Jonathan Quick without a rebound.
1:50 of 3rd period - Jeff Carter wins face-off versus Daniel Briere in Nordiques zone.
2:05 of 3rd period - Snap shot by Jaromir Jagr.
2:05 of 3rd period - Shot Misses the Net.
3:04 of 3rd period - Wrist shot by Mats Zuccarello.
3:04 of 3rd period - Stopped by Jonathan Quick with a rebound.
3:06 of 3rd period - Slapshot by Oliver Ekman-Larsson.
3:06 of 3rd period - Goal by Oliver Ekman-Larsson - Nordiques : 1 - Flyers : 1.
3:07 of 3rd period - Daniel Briere wins face-off versus Jeff Carter in neutral zone.
3:09 of 3rd period - Minor Penalty to Marek Svatos for Roughing.
3:10 of 3rd period - Paul Gaustad wins face-off versus Dany Heatley in Nordiques zone.
5:09 of 3rd period - Penalty to Marek Svatos is over, Marek Svatos is back on ice.
5:48 of 3rd period - Snap shot by Chris Mcallister.
5:48 of 3rd period - Stopped by Jonathan Quick with a rebound.
6:16 of 3rd period - Wrist shot by Nikolai Kulemin.
6:16 of 3rd period - Shot Misses the Net.
6:18 of 3rd period - Slapshot by Rich Peverley.
6:18 of 3rd period - Stopped by Cory Schneider with a rebound.
6:20 of 3rd period - Slapshot by T.J. Fast.
6:20 of 3rd period - Stopped by Cory Schneider without a rebound.
6:21 of 3rd period - Rich Peverley wins face-off versus Kyle Wellwood in Flyers zone.
6:22 of 3rd period - Wrist shot by Nikolai Kulemin.
6:22 of 3rd period - Shot Blocked by Kyle Wellwood.
6:24 of 3rd period - Slapshot by Ryan Ellis.
6:24 of 3rd period - Stopped by Cory Schneider without a rebound.
6:25 of 3rd period - Kyle Wellwood wins face-off versus Daniel Briere in Flyers zone.
6:39 of 3rd period - Snap shot by Marek Svatos.
6:39 of 3rd period - Stopped by Cory Schneider with a rebound.
6:48 of 3rd period - Icing by Randy Jones.
6:49 of 3rd period - Dany Heatley wins face-off versus Tim Connolly in Flyers zone.
6:58 of 3rd period - Snap shot by Dany Heatley.
6:58 of 3rd period - Goal by Dany Heatley - Nordiques : 1 - Flyers : 2.
6:59 of 3rd period - Daniel Briere wins face-off versus Jeff Carter in neutral zone.
7:25 of 3rd period - Drew Miller is hit by Kyle Calder and loses puck.
7:34 of 3rd period - Snap shot by Tim Connolly.
7:34 of 3rd period - Shot Misses the Net.
7:40 of 3rd period - Minor Penalty to Jeff Woywitka for Tripping.
7:41 of 3rd period - Daniel Briere wins face-off versus Jeff Carter in Flyers zone.
9:37 of 3rd period - Wrist shot by Jeff Carter.
9:37 of 3rd period - Deflect By Fedor Tyutin.
9:37 of 3rd period - Shot Misses the Net.
9:37 of 3rd period - Puck is out of play.
9:38 of 3rd period - Drew Miller wins face-off versus Kyle Calder in Nordiques zone.
9:40 of 3rd period - Penalty to Jeff Woywitka is over, Jeff Woywitka is back on ice.
9:41 of 3rd period - Wrist shot by Drew Miller.
9:41 of 3rd period - Shot Misses the Net.
9:53 of 3rd period - Wrist shot by Rich Peverley.
9:53 of 3rd period - Shot Misses the Net.
9:55 of 3rd period - Slapshot by T.J. Fast.
9:55 of 3rd period - Shot Misses the Net.
10:05 of 3rd period - Jonathan Ericsson is hit by Matt Gilroy and loses puck.
10:26 of 3rd period - Wrist shot by Jean-Pierre Dumont.
10:26 of 3rd period - Shot Hit the Post.
11:14 of 3rd period - Wrist shot by Tim Connolly.
11:14 of 3rd period - Stopped by Cory Schneider with a rebound.
11:48 of 3rd period - Slapshot by Jaromir Jagr.
11:48 of 3rd period - Deflect By Dany Heatley.
11:48 of 3rd period - Shot Blocked by R.J. Umberger.
11:48 of 3rd period - Puck is out of play.
11:49 of 3rd period - Daniel Briere wins face-off versus Jeff Carter in Nordiques zone.
11:56 of 3rd period - Wrist shot by Jeff Carter.
11:56 of 3rd period - Stopped by Jonathan Quick without a rebound.
11:57 of 3rd period - Dany Heatley wins face-off versus Daniel Briere in Nordiques zone.
12:02 of 3rd period - Snap shot by Dany Heatley.
12:02 of 3rd period - Shot Misses the Net.
12:10 of 3rd period - Wrist shot by Daniel Briere.
12:10 of 3rd period - Goal by Daniel Briere - Nordiques : 2 - Flyers : 2.
12:11 of 3rd period - Daniel Briere wins face-off versus Dany Heatley in neutral zone.
12:36 of 3rd period - Tim Connolly is hit by Jakub Voracek and loses puck.
12:45 of 3rd period - Wrist shot by Drew Miller.
12:45 of 3rd period - Shot Misses the Net.
13:43 of 3rd period - Slapshot by T.J. Fast.
13:43 of 3rd period - Shot Blocked by Oliver Ekman-Larsson.
13:45 of 3rd period - Slapshot by Matt Gilroy.
13:45 of 3rd period - Stopped by Cory Schneider without a rebound.
13:46 of 3rd period - Paul Gaustad wins face-off versus Dany Heatley in Flyers zone.
14:11 of 3rd period - Snap shot by Jakub Voracek.
14:11 of 3rd period - Stopped by Jonathan Quick with a rebound.
14:13 of 3rd period - Wrist shot by Oliver Ekman-Larsson.
14:13 of 3rd period - Stopped by Jonathan Quick with a rebound.
14:15 of 3rd period - Slapshot by Drew Miller.
14:15 of 3rd period - Shot Misses the Net.
14:19 of 3rd period - Wrist shot by Drew Miller.
14:19 of 3rd period - Shot Blocked by Ryan Ellis.
14:21 of 3rd period - Wrist shot by Jakub Voracek.
14:21 of 3rd period - Stopped by Jonathan Quick with a rebound.
14:23 of 3rd period - Slapshot by Oliver Ekman-Larsson.
14:23 of 3rd period - Shot Misses the Net.
14:40 of 3rd period - Icing by Randy Jones.
14:41 of 3rd period - Matthew Lombardi wins face-off versus Daniel Briere in Flyers zone.
15:07 of 3rd period - Off-side.
15:08 of 3rd period - Jeff Carter wins face-off versus Vladimir Tarasenko in neutral zone.
15:15 of 3rd period - Wrist shot by Dany Heatley.
15:15 of 3rd period - Deflect By Jeff Carter.
15:15 of 3rd period - Stopped by Jonathan Quick without a rebound.
15:16 of 3rd period - Jeff Carter wins face-off versus Paul Gaustad in Nordiques zone.
15:30 of 3rd period - Minor Penalty to Dany Heatley for Roughing.
15:31 of 3rd period - Daniel Briere wins face-off versus Jeff Carter in Flyers zone.
15:36 of 3rd period - Minor Penalty to R.J. Umberger for Hooking.
15:37 of 3rd period - Daniel Briere wins face-off versus Brian McGrattan in Nordiques zone.
15:48 of 3rd period - Backhand shot by Tim Connolly.
15:48 of 3rd period - Shot Misses the Net.
16:07 of 3rd period - Icing by Jeff Woywitka.
16:08 of 3rd period - Daniel Briere wins face-off versus Jeff Carter in Flyers zone.
16:14 of 3rd period - Icing by Jeff Carter.
16:15 of 3rd period - Jeff Carter wins face-off versus Daniel Briere in Flyers zone.
17:30 of 3rd period - Penalty to Dany Heatley is over, Dany Heatley is back on ice.
17:36 of 3rd period - Penalty to R.J. Umberger is over, R.J. Umberger is back on ice.
17:38 of 3rd period - Wrist shot by Jakub Voracek.
17:38 of 3rd period - Shot Misses the Net.
17:44 of 3rd period - Snap shot by Jakub Voracek.
17:44 of 3rd period - Stopped by Jonathan Quick without a rebound.
17:45 of 3rd period - Paul Gaustad wins face-off versus Matthew Lombardi in Nordiques zone.
18:10 of 3rd period - Kyle Calder is hit by Matt Smaby and loses puck.
19:01 of 3rd period - Snap shot by Matt Moulson.
19:01 of 3rd period - Shot Misses the Net.
19:51 of 3rd period - Slapshot by Jonathan Ericsson.
19:51 of 3rd period - Stopped by Jonathan Quick without a rebound.
19:52 of 3rd period - Brian McGrattan wins face-off versus Paul Gaustad in Nordiques zone.
Goals for this period are 1 for Nordiques vs 2 for Flyers.
Shots for this period are 7 for Nordiques vs 13 for Flyers.
Overtime #1
0:01 of 1st overtime period - Dany Heatley wins face-off versus Daniel Briere in neutral zone.
0:22 of 1st overtime period - Minor Penalty to Daniel Briere for Holding.
0:23 of 1st overtime period - Marek Svatos wins face-off versus Jeff Carter in Nordiques zone.
0:34 of 1st overtime period - Jeff Woywitka is hit by Ryan Ellis.
1:10 of 1st overtime period - Slapshot by Jeff Woywitka.
1:10 of 1st overtime period - Deflect By Drew Miller.
1:10 of 1st overtime period - Stopped by Jonathan Quick without a rebound.
1:11 of 1st overtime period - Tim Connolly wins face-off versus Drew Miller in Nordiques zone.
1:20 of 1st overtime period - Slapshot by Oliver Ekman-Larsson.
1:20 of 1st overtime period - Shot Blocked by Ryan Ellis.
1:26 of 1st overtime period - Wrist shot by Drew Miller.
1:26 of 1st overtime period - Stopped by Jonathan Quick without a rebound.
1:27 of 1st overtime period - Jeff Carter wins face-off versus Marek Svatos in Nordiques zone.
1:40 of 1st overtime period - Snap shot by Dany Heatley.
1:40 of 1st overtime period - Stopped by Jonathan Quick with a rebound.
2:22 of 1st overtime period - Penalty to Daniel Briere is over, Daniel Briere is back on ice.
2:24 of 1st overtime period - Snap shot by Tim Connolly.
2:24 of 1st overtime period - Shot Misses the Net.
2:26 of 1st overtime period - Wrist shot by Dustin Byfuglien.
2:26 of 1st overtime period - Deflect By Daniel Briere.
2:26 of 1st overtime period - Shot Misses the Net.
2:26 of 1st overtime period - Puck is out of play.
2:27 of 1st overtime period - Jeff Carter wins face-off versus Daniel Briere in Flyers zone.
3:56 of 1st overtime period - Ryan Ellis is hit by Chris Mcallister and loses puck.
4:25 of 1st overtime period - Mark Eaton is hit by Drew Miller and loses puck.
Goals for this period are 0 for Nordiques vs 0 for Flyers.
Shots for this period are 0 for Nordiques vs 3 for Flyers.
ShootOut
5:00 of 1st overtime period - Penalty Shot by Marek Svatos for Nordiques.
5:00 of 1st overtime period - Deke by Marek Svatos.
5:00 of 1st overtime period - Stopped by Cory Schneider.
5:00 of 1st overtime period - Penalty Shot by Jeff Carter for Flyers.
5:00 of 1st overtime period - Wrist shot by Jeff Carter.
5:00 of 1st overtime period - Goal by Jeff Carter.
5:00 of 1st overtime period - Penalty Shot by Tim Connolly for Nordiques.
5:00 of 1st overtime period - Snap shot by Tim Connolly.
5:00 of 1st overtime period - Goal by Tim Connolly.
5:00 of 1st overtime period - Penalty Shot by Dany Heatley for Flyers.
5:00 of 1st overtime period - Wrist shot by Dany Heatley.
5:00 of 1st overtime period - Stopped by Jonathan Quick.
5:00 of 1st overtime period - Penalty Shot by Vladimir Tarasenko for Nordiques.
5:00 of 1st overtime period - Deke by Vladimir Tarasenko.
5:00 of 1st overtime period - Shot Misses the Net.
5:00 of 1st overtime period - Penalty Shot by Drew Miller for Flyers.
5:00 of 1st overtime period - Wrist shot by Drew Miller.
5:00 of 1st overtime period - Goal by Drew Miller.
Back to the Top